 Dungeon Crawl Stone Soup version 0.25-a0-513-ge77a69270c (webtiles) character file.

Game seed: 3157351857466582060, levelgen mode: classic

1971 EnegeticOcto the Chopper (level 9, 81/81 HPs)
             Began as a Deep Dwarf Fighter on Feb 16, 2020.
             Quit the game in the Ecumenical Temple.
             The game lasted 00:02:41 (2595 turns).

EnegeticOcto the Chopper (Deep Dwarf Fighter)       Turns: 2595, Time: 00:02:42

Health: 81/81      AC: 13    Str: 22    XL:     9   Next: 0%
Magic:  2/2        EV:  8    Int: 10    God:
Gold:   211        SH: 10    Dex: 12    Spells: 8/8 levels left

rFire    . . .     SeeInvis .   a - +0 war axe
rCold    . . .     Gourm    .   c - +0 kite shield
rNeg     . . .     Faith    .   u - +0 chain mail
rPois    +         Spirit   .   (no helmet)
rElec    .         Reflect  .   (no cloak)
rCorr    .         Harm     .   (no gloves)
MR       +....                  q - +2 pair of boots
Stlth    ..........             (no amulet)
HPRegen  0.00/turn              g - ring of poison resistance
MPRegen  0.08/turn              (no ring)

@: non-regenerating
A: damage resistance, heal wounds, sense surroundings 2, no regeneration
a: Heal Wounds


You were in the Ecumenical Temple.
You were hungry.

You visited 2 branches of the dungeon, and saw 7 of its levels.

You collected 211 gold pieces.

Inventory:

Hand Weapons
 a - a +0 war axe (weapon)
Armour
 c - a +0 kite shield (worn)
 q - a +2 pair of boots (worn)
 t - the -4 pair of boots "Xyschoru" {rElec}
   (You found it on level 5 of the Dungeon)

   It insulates you from electricity.
   If you switch to wearing this armour, your AC will decrease by 6 (13 -> 7).
 u - a +0 chain mail (worn)
Jewellery
 g - a ring of poison resistance (left hand)
Scrolls
 h - a scroll of teleportation {@r2}
 p - 2 scrolls of remove curse {@r6}
Potions
 d - a potion of might {@q3}
 i - a potion of heal wounds {unknown}
 k - a potion of magic
 l - a potion of flight {unknown}
 m - 2 potions of lignification {@q7}
 n - a potion of degeneration
 o - 3 potions of curing {@q1}
 s - a potion of haste {unknown}
Comestibles
 e - 3 rations


   Skills:
 + Level 5.0 Fighting
 * Level 7.8 Axes
 + Level 6.1 Armour
 + Level 5.0 Dodging
 + Level 6.2 Shields


You had 8 spell levels left.
You didn't know any spells.
Your spell library was empty.

Dungeon Overview and Level Annotations

Branches:
Dungeon (6/15)             Temple (1/1) D:6

Altars:
Cheibriados
Dithmenos
Elyvilon
Fedhas
Gozag
Hepliaklqana
Kikubaaqudgha
Nemelex Xobeh
Okawaru
Qazlal
Ru
Trog
Uskayaw
Vehumet
Xom
Yredelemnul
Zin
The Shining One

Annotations:
D:4 2 transporters


Innate Abilities, Weirdness & Mutations

You are resistant to damage.
You can heal yourself by infusing magical energy.
You passively map the area around you.
You do not regenerate.


Message History

The quokka is heavily wounded.
You block the quokka's attack.
You hit the quokka but do no damage.
The quokka is heavily wounded.
The quokka bites you but does no damage. x2
You closely miss the quokka.
The quokka is heavily wounded.
The quokka bites you but does no damage.
You hit the quokka.
The quokka is almost dead.
The quokka bites you but does no damage.
You closely miss the quokka.
The quokka is severely wounded.
The quokka bites you but does no damage. x2
You barely miss the quokka.
The quokka is severely wounded.
The quokka barely misses you.
You hit the quokka but do no damage.
The quokka is severely wounded.
The quokka barely misses you. You block the quokka's attack.
You closely miss the quokka.
The quokka is severely wounded.
The quokka bites you but does no damage.
You hit the quokka but do no damage.
The quokka is severely wounded.
The quokka closely misses you.
You closely miss the quokka.
The quokka is severely wounded.
You block the quokka's attack. The quokka misses you.
You barely miss the quokka.
The quokka is severely wounded.
The quokka bites you but does no damage.
You slice the quokka!!
You kill the quokka!
No target in view!
No target in view!
No target in view!
Items here: )) [ †† a +0 flail; a +0 trident; a +0 chain mail; a quokka corpse; an orc corpse
u - a +0 chain mail You start removing your armour.
You continue taking off your +0 scale mail. x4
You finish taking off your +0 scale mail.
You start putting on your armour.
You continue putting on your +0 chain mail. x5
You finish putting on your +0 chain mail.
Drop what? 22/52 slots (_ for help) (? for menu, Esc to quit)
You drop a +0 scale mail.
As you read the scroll labeled BEAMEMN QEETOG, it crumbles to dust.
You feel aware of your surroundings.
You sensed 1 altar, and 1 shop/portal.
It was a scroll of magic mapping.
As you read the scroll labeled TIDAVVOUNG, it crumbles to dust.
You feel strangely unstable.
It was a scroll of teleportation.
As you read the scroll labeled VUK HAIDUHE, it crumbles to dust.
It is a scroll of identify.
k - a potion of magic
As you read the scroll labeled YRPHIM DOUCH, it crumbles to dust.
Your ears itch!
It was a scroll of random uselessness.
Your surroundings suddenly seem different.
As you read the scroll labeled NUOF XIREU, it crumbles to dust.
You hear a loud clanging noise!
It was a scroll of noise.
As you read the scroll of identify {@r1}, it crumbles to dust.
o - 3 potions of curing
As you read the scroll of identify {@r1}, it crumbles to dust.
m - 2 potions of lignification
As you read the scroll of identify {@r1}, it crumbles to dust.
n - a potion of degeneration
There is an open door here.
You see here a necrophage skeleton.
As you open the door, it creaks loudly!
Found an escape hatch in the floor.
There is an open door here.
Found a staircase to the Ecumenical Temple.
There is an escape hatch in the floor here.
There is a staircase to the Ecumenical Temple here.
You climb downwards.
Welcome to the Ecumenical Temple!
There is a staircase back to the Dungeon here.
Found two altars.
Found a basalt altar of Yredelemnul.
As you open the door, it creaks loudly!
Found a glowing silver altar of Zin.
There is an open door here.
Found an opulent altar of Gozag and a sparkling altar of Nemelex Xobeh.
You open the door.
Found a shadowy altar of Dithmenos.
There is an open door here.
Found a hazy altar of Hepliaklqana.
There is an open door here.
Found an ancient bone altar of Kikubaaqudgha.
You open the door.
There is an open door here.
Found a stormy altar of Qazlal and a white marble altar of Elyvilon.
As you open the door, it creaks loudly!
Found a shimmering altar of Xom.
There is an open door here.
Found a bloodstained altar of Trog.
Search for what [? for help]? mak Can't find anything matching that.
Are you sure you want to abandon this character and quit the game? (Confirm with "yes".)

#####################
#...#...#...#...#...#
#._.#._.#._.#.<.#._.#
#...#...#...#...#...#
##+###+###+##...##+##
#...........#...#....
#...........'...'....
#...@.......#...#....
##+###'###+###+###+##
*...#...#...#...#...#
#._.#._.#._.#._.#._.#
#...#...#...#...#...#
#####################


There were no monsters in sight!

Vanquished Creatures
  Eustachio (D:5)
  Menkaure (D:6)
  An orc warrior (D:6)
  2 ice beasts (D:5)
  A necrophage (D:6)
  2 ogres
  A phantom (D:5)
  A centaur (D:6)
  A bullfrog (D:6)
  A scorpion (D:4)
  5 wights (D:6)
  2 howler monkeys
  2 crimson imps
  A hound (D:5)
  A jelly (D:6)
  An orc priest (D:3)
  3 orc wizards
  6 worker ants
  An iguana (D:5)
  3 adders
  4 gnolls (D:2)
  4 shadow imps
  2 oozes
  An adder zombie (D:6)
  An adder skeleton (D:5)
  2 worms (D:2)
  4 dart slugs
  6 leopard geckos
  19 orcs
  3 ball pythons
  3 bats
  2 giant cockroaches
  A goblin (D:2)
  5 hobgoblins
  3 jackals (D:6)
  2 kobolds
  3 quokkas
  3 frilled lizards
  3 rats (D:5)
108 creatures vanquished.

Notes
Turn   | Place    | Note
-------+----------+-------------------------------------------
     0 | D:1      | EnegeticOcto the Deep Dwarf Fighter began the quest for the
                  | Orb.
     0 | D:1      | Reached XP level 1. HP: 20/20 MP: 1/1
    68 | D:1      | Reached XP level 2. HP: 25/27 MP: 2/2
   197 | D:2      | Reached skill level 3 in Axes
   197 | D:2      | Reached skill level 1 in Dodging
   197 | D:2      | Reached XP level 3. HP: 17/33 MP: 3/3
   286 | D:2      | Reached XP level 4. HP: 34/42 MP: 3/3
   412 | D:2      | Found a sacrificial altar of Ru.
   558 | D:2      | Found an iron altar of Okawaru.
   558 | D:2      | Found a hide-covered altar of Uskayaw.
   620 | D:4      | Found a radiant altar of Vehumet.
   662 | D:4      | Reached XP level 5. HP: 48/49 MP: 4/4
   663 | D:4      | Found a snail-covered altar of Cheibriados.
   719 | D:4      | You fall into a shaft and drop 2 floors!
   734 | D:6      | Reached skill level 4 in Axes
   753 | D:6      | Reached XP level 6. HP: 31/56 MP: 5/5
   883 | D:5      | Entered Level 5 of the Dungeon
   893 | D:5      | Reached skill level 5 in Axes
   968 | D:5      | Reached XP level 7. HP: 54/63 MP: 6/6
  1185 | D:5      | Got a pair of transparent boots
  1196 | D:5      | Identified the cursed -4 pair of boots "Xyschoru" {rElec}
                  | (You found it on level 5 of the Dungeon)
  1267 | D:4      | Found a transporter.
  1330 | D:4      | Found a transporter.
  1358 | D:4      | Reached skill level 5 in Shields
  1399 | D:4      | Reached skill level 5 in Armour
  1666 | D:5      | Reached skill level 6 in Axes
  1759 | D:5      | Reached XP level 8. HP: 40/73 MP: 6/6
  1902 | D:5      | Noticed Eustachio
  1914 | D:5      | Killed Eustachio
  2186 | D:6      | Reached skill level 7 in Axes
  2413 | D:6      | Noticed Menkaure
  2433 | D:6      | Killed Menkaure
  2433 | D:6      | Reached skill level 5 in Fighting
  2488 | D:6      | Reached skill level 5 in Dodging
  2488 | D:6      | Gained mutation: You passively map the area around you.
                  | [Deep Dwarf growth]
  2488 | D:6      | Reached XP level 9. HP: 81/81 MP: 2/2
  2546 | D:6      | Found a staircase to the Ecumenical Temple.
  2556 | Temple   | Entered the Ecumenical Temple
  2595 | Temple   | Quit the game

Levels and vault maps discovered:
D:1:      minmay_arrival_hallway, layout_loops_ring
D:2:      layout_rooms, gammafunk_temple_overflow_wave,
          nicolae_overflow_hidden_temple, minmay_statues_item,
          lemuel_another_geyser
D:3:      wad_woods_tower, layout_basic, first_ration
D:4:      gammafunk_wand_slinger, layout_basic, overflow_temple_1_default,
          kennysheep_slug_shrine
D:5:      layout_basic, portal_sewer_entry_b, uniq_eustachio
D:6:      layout_loops_ring, kennysheep_little_box,
          minmay_temple_entry_stoned_glass, serial_shops, kennysheep_mini_moat,
          dk_noncrumbling_4, uniq_menkaure
Temple:   nicolae_temple_god_jail

Skill      XL: |  1  2  3  4  5  6  7  8 |
---------------+-------------------------+-----
Axes           | 3 4 5 6 7 |  7.8
Dodging        | 1 2 3 5 |  5.0
Fighting       | 3 4 5 |  5.0
Armour         | 4 5 6 |  6.1
Shields        | 4 5 6 |  6.2

Action                   |  1- 3 |  4- 6 |  7- 9 || total
-------------------------+-------+-------+-------++-------
Melee: War axe           |    63 |   164 |   260 ||   487
 Abil: Heal Wounds       |     3 |     4 |    13 ||    20
  Use: Scroll            |       |       |    10 ||    10
  Eat: Chunk             |       |     1 |     5 ||     6
Armor: Scale mail        |    41 |    62 |   108 ||   211
Dodge: Dodged            |    32 |    55 |    83 ||   170
Block: Kite shield       |    53 |    88 |   124 ||   265

Table legend:
 A = Non-vault XP
 B = Vault XP
 C = Vault XP percentage of total XP
 D = Non-vault monster count
 E = Vault monster count
 F = Vault count percentage of total count
                 A         B        C        D         E       F
            +---------+---------+-------+---------+---------+-------
      Total |    2424 |     392 |  13.9 |      99 |       9 |   8.3
            +---------+---------+-------+---------+---------+-------
        D:1 |      25 |       0 |   0.0 |       8 |       0 |   0.0
        D:2 |     100 |       0 |   0.0 |      18 |       0 |   0.0
        D:3 |      51 |       0 |   0.0 |       4 |       0 |   0.0
        D:4 |     332 |       4 |   1.2 |      24 |       1 |   4.0
        D:5 |     874 |     216 |  19.8 |      18 |       7 |  28.0
        D:6 |    1042 |     172 |  14.2 |      27 |       1 |   3.6
            +---------+---------+-------+---------+---------+-------
